 Dungeon Crawl Stone Soup version 0.27.1-1-g398f81649c (webtiles) character file.

Game seed: 1861986968047344154

280 Squid the Firebug (level 6, -1/47 HPs)
             Began as a Draconian Fire Elementalist on Sept 14, 2021.
             Was an Initiate of Kikubaaqudgha.
             Slain by a gnoll (3 damage)
             ... on level 4 of the Dungeon.
             The game lasted 00:21:57 (4327 turns).

Squid the Firebug (Draconian Fire Elementalist)     Turns: 4327, Time: 00:22:01

Health: -1/47      AC:  6    Str: 10    XL:     6   Next: 5%
Magic:  2/10       EV: 12    Int: 17    God:    Kikubaaqudgha [......]
Gold:   80         SH:  0    Dex: 12    Spells: 6/11 levels left

rFire    . . .     SeeInvis .   d - +3 dagger (elec)
rCold    . . .     Faith    .   (no shield)
rNeg     . . .     Spirit   .   (armour unavailable)
rPois    .         Reflect  .   (helmet restricted)
rElec    .         Harm     .   (no cloak)
rCorr    .         Rampage  .   (no gloves)
Will     .....                  (no boots)
Stlth    ++........             (no amulet)
HPRegen  0.15/turn              (no ring)
MPRegen  0.12/turn              (no ring)

@: no status effects
A: AC +6, unfitting armour, cold-blooded
a: Renounce Religion


You were on level 4 of the Dungeon.
You worshipped Kikubaaqudgha.
Kikubaaqudgha was noncommittal.
You visited 1 branch of the dungeon, and saw 4 of its levels.

You collected 80 gold pieces.

Inventory:

Hand Weapons
 a - a +0 whip
 d - a +3 dagger of electrocution (weapon)
 g - a +1 dagger of freezing
Missiles
 f - 46 stones
Armour
 e - a +0 scale mail
Scrolls
 i - 2 scrolls of amnesia
 j - a scroll of identify
Potions
 b - a potion of berserk rage
 c - 4 potions of curing {unknown}
 h - a potion of heal wounds {unknown}


   Skills:
 + Level 1.3 Fighting
 + Level 1.2 Short Blades
 + Level 2.2 Dodging
 + Level 2.5 Stealth
 + Level 3.1 Spellcasting
 + Level 1.9 Conjurations
 + Level 1.3 Necromancy
 + Level 4.2 Fire Magic
 + Level 1.2 Earth Magic


You had 6 spell levels left.
You knew the following spells:

 Your Spells              Type           Power      Damage    Failure   Level
b - Sandblast             Erth           12%        2d6       11%         1
c - Animate Skeleton      Necr           14%        N/A       10%         1
d - Conjure Flame         Conj/Fire      13%        6-21      14%         3

Your spell library contained the following spells:

 Spells                   Type           Power      Damage    Failure   Level
 Foxfire                  Conj/Fire      52%        2x1d6     4%          1
 Pain                     Necr           28%        1d5       10%         1
 Sublimation of Blood     Necr           3%         N/A       16%         2
 Passwall                 Tmut/Erth      3%         N/A       21%         2
 Inner Flame              Hex/Fire       9%         N/A       22%         3
 Vampiric Draining        Necr           3%         2d6       30%         3
 Sticky Flame             Conj/Fire      13%        2d4       43%         4
 Fireball                 Conj/Fire      6%         3d5       80%         5
 Lee's Rapid Deconstruct  Erth           3%         3d6*      96%         5


Dungeon Overview and Level Annotations

Branches:
Dungeon (4/15)
 Temple: D:4-7

Altars:
Kikubaaqudgha


Innate Abilities, Weirdness & Mutations

Your plain brown scales are hard. (AC +6)
You cannot fit into any form of body armour.
You are cold-blooded and may be slowed by cold attacks.


Message History

The endoplasm freezes you.
You are frozen.
You feel yourself slow down.
You feel yourself speed up.
The gnoll hits your rat skeleton with a +0 whip!
Your rat skeleton is destroyed!
The endoplasm freezes you.
You are frozen.
You feel yourself slow down. The giant cockroach closely misses you.
The gnoll barely misses you.
Your goblin skeleton hits the endoplasm.
The endoplasm freezes your goblin skeleton.
Your goblin skeleton is frozen.
Your goblin skeleton resists.
You hit the giant cockroach.
You tail-slap the giant cockroach, but do no damage.
The giant cockroach is heavily wounded.
The giant cockroach bites you but does no damage.
The endoplasm misses you. The gnoll hits you but does no damage.
The gnoll hits you with a +0 whip!
The endoplasm freezes your goblin skeleton.
Your goblin skeleton is frozen.
Your goblin skeleton resists.
Your goblin skeleton hits the endoplasm.
The endoplasm dies!
Kikubaaqudgha accepts your kill.
The giant cockroach completely misses you.
The endoplasm closely misses you.
You hit the gnoll. Lightning courses through the gnoll!!
You kill the gnoll!
Kikubaaqudgha accepts your kill.
You feel yourself speed up.
The gnoll hits you from afar with a +0 spear!
* * * LOW HITPOINT WARNING * * *
The gnoll hits you with a +0 whip!
* * * LOW HITPOINT WARNING * * *
The gnoll hits you but does no damage. The giant cockroach bites you.
* * * LOW HITPOINT WARNING * * *
The endoplasm barely misses you.
The gnoll hits you from afar with a +0 spear.
You die...
Kikubaaqudgha rasps: "You have failed me!
Welcome... death!"

).......# ......<.#
#........# ........#
#.....>..# ........#
#........# ........#
#........#
........########........#
..............##........#
####<#.......(.#)J......#
#.#....†....g@Bg.....#
#.#.^....÷....gZ.....#
#.#.........#..$.....#
#.######.#.###..##.....
#.# #.#.# .....).... #.#
#........##..... #..
..#....### ###. ###.#..
.#..#


You could see 3 gnolls, an endoplasm, a giant cockroach and a friendly goblin
skeleton.

Vanquished Creatures
  Ijyb (D:3)
  Jessica (D:2)
  Natasha (thrice) (D:3)
  A gnoll (D:4)
  10 adders
  A worm (D:3)
  2 dart slugs
  7 ball pythons
  4 endoplasms
  A giant cockroach (D:3)
  4 goblins
  2 hobgoblins (D:1)
  6 jackals (D:3)
  5 kobolds
  4 quokkas
  A bat (D:3)
  2 frilled lizards (D:2)
  8 rats
63 creatures vanquished.

Vanquished Creatures (collateral kills)
  An endoplasm (D:4)
1 creature vanquished.

Vanquished Creatures (others)
  57 foxfires
57 creatures vanquished.

Grand Total: 121 creatures vanquished

Notes
Turn   | Place    | Note
-------+----------+-------------------------------------------
     0 | D:1      | Squid the Draconian Fire Elementalist began the quest for
                  | the Orb.
     0 | D:1      | Reached XP level 1. HP: 14/14 MP: 3/3
   250 | D:1      | Reached XP level 2. HP: 20/20 MP: 3/5
   587 | D:1      | Learned a level 1 spell: Sandblast
  1069 | D:2      | Reached XP level 3. HP: 21/26 MP: 4/6
  1283 | D:2      | Noticed Jessica
  1309 | D:2      | Killed Jessica
  1310 | D:2      | Reached XP level 4. HP: 27/33 MP: 3/7
  1510 | D:2      | Reached skill level 4 in Fire Magic
  2272 | D:2      | Reached XP level 5. HP: 39/39 MP: 6/8
  2289 | D:2      | Found a faded altar of an unknown god.
  2295 | D:2      | Became a worshipper of Kikubaaqudgha
  2295 | D:2      | Reached * piety under Kikubaaqudgha
  2295 | D:2      | Received a gift from Kikubaaqudgha
  2373 | D:2      | Learned a level 1 spell: Animate Skeleton
  2682 | D:3      | Reached skill level 1 in Earth Magic
  2767 | D:3      | Noticed Natasha
  2773 | D:3      | Killed Natasha
  2774 | D:3      | Reached skill level 1 in Fighting
  2774 | D:3      | Reached skill level 1 in Short Blades
  2940 | D:3      | Learned a level 3 spell: Conjure Flame
  2941 | D:3      | Noticed Natasha
  2961 | D:3      | Killed Natasha
  2962 | D:3      | Reached skill level 1 in Necromancy
  3391 | D:3      | Noticed Natasha
  3413 | D:3      | Killed Natasha
  3657 | D:3      | Noticed Ijyb
  3709 | D:3      | Killed Ijyb
  3710 | D:3      | Reached XP level 6. HP: 15/47 MP: 2/10
  4327 | D:4      | HP: 2/47 [giant cockroach (2)]
  4327 | D:4      | Slain by a gnoll

Illustrated notes

Levels and vault maps discovered:
D:1:      giann_wishing_wells, layout_basic
D:2:      minmay_inner_zag, layout_rooms, basic_ecumenical_altar, uniq_jessica
D:3:      layout_loops_ring, uniq_natasha, uniq_ijyb
D:4:      layout_rooms, grunt_ministairs_14, minmay_goblin_kobold_house

Skill      XL: |  1  2  3  4  5 |
---------------+----------------+-----
Stealth        | 2 |  2.5
Dodging        | 2 |  2.2
Fire Magic     | 4 |  4.2
Earth Magic    | 1 |  1.2
Fighting       | 1 |  1.3
Short Blades   | 1 |  1.2
Necromancy     | 1 |  1.3
Spellcasting   | 3 |  3.1
Conjurations   | |  1.9

Action                   |  1- 3 |  4- 6 || total
-------------------------+-------+-------++-------
Melee: Unarmed           |     2 |     2 ||     4
       Whip              |     5 |       ||     5
       Dagger            |    18 |    80 ||    98
       Tailslap          |     2 |     6 ||     8
 Cast: Foxfire           |    30 |    19 ||    49
       Sandblast         |       |    40 ||    40
       Animate Skeleton  |       |    16 ||    16
       Conjure Flame     |       |     3 ||     3
Invok: Receive Corpses   |       |     8 ||     8
  Use: Scroll            |     2 |     5 ||     7
 Stab: Sleeping          |     2 |     1 ||     3
Armor: Skin              |     6 |    47 ||    53
Dodge: Dodged            |    16 |    95 ||   111
